 Dungeon Crawl Stone Soup version 0.31-a0-986-g5e6e4ef867 (webtiles) character file.

Game seed: 17124475948650793032

14605 strifetoe the Cleaver (level 12, -2/106 HPs)
             Began as a Meteoran Fighter on Nov 22, 2023.
             Was a High Priest of Jiyva.
             Killed by divine providence
             ... invoked by a meliai
              (14 damage)
             ... on level 12 of the Dungeon.
             The game lasted 00:27:28 (5216 turns).

strifetoe the Cleaver (Meteoran Fighter)            Turns: 5216, Time: 00:27:28

Health: -2/106     AC: 15    Str: 23    XL:     12   Next: 81%
Magic:  13/13      EV: 12    Int: 11    God:    Jiyva [*****.]
Gold:   251        SH:  0    Dex: 13    Spells: 11/11 levels left

rFire   + + .        a - +0 war axe
rCold   + . .        (no shield)
rNeg    . . .        d - +0 fire dragon scales
rPois   .            (helmet restricted)
rElec   .            (no cloak)
rCorr   +            (no gloves)
SInv    .            l - +1 pair of boots
Will    +....        (no amulet) Stlth
                     (no ring)
HPRegen 1.81/turn    (no ring)
MPRegen 0.58/turn

%: no passive effects
@: glowing
A: sense surroundings 2, otherworldly, glowing, explore regen, antennae 1,
iridescent scales 1, cold resistance 2, tendrils, jelly sensing items,
MP-powered wands, noise suppression
a: Renounce Religion, Oozemancy, Slimify


You were on level 12 of the Dungeon.
You worshipped Jiyva.
Jiyva was extremely pleased with you.
You visited 1 branch of the dungeon, and saw 14 of its levels.

You collected 251 gold pieces.

Inventory:

Hand Weapons
 a - a +0 war axe (weapon)
 b - the +5 orcbow of Teischothrei {antimagic, Fly rF- rC++}
   (You found it on level 10 of the Dungeon)

   rF-:       It makes you vulnerable to fire.
   rC++:      It greatly protects you from cold.
   Fly:       It grants you flight.
Armour
 d - +0 fire dragon scales (worn)
 e - a +0 plate armour
 l - a +1 pair of boots (worn)
Jewellery
 m - a ring of ice
Wands
 i - a wand of polymorph (7)
Scrolls
 f - 3 scrolls of teleportation
 h - a scroll of identify
 k - a scroll of fear {unknown}
 n - a scroll of fog
Potions
 g - 3 potions of curing
 j - a potion of brilliance
 o - a potion of attraction


   Skills:
 + Level 9.6 Fighting
 + Level 14.2 Axes
 - Level 9.0 Ranged Weapons
 + Level 9.5 Armour
 - Level 6.7 Dodging
 - Level 3.2 Shields


You had 11 spell levels left.
You didn't know any spells.
Your spell library contained the following spells:

 Spells                   Type           Power      Damage    Failure   Level
 Ensorcelled Hibernation  Hex/Ice        0%         N/A       80%         2
 Jinxbite                 Hex            0%         N/A       80%         2
 Sublimation of Blood     Necr           0%         N/A       80%         2
 Wereblood                Tmut           0%         N/A       80%         2
 Anguish                  Hex/Necr       0%         N/A       100%        4
 Summon Hydra             Summ           0%         N/A       100%        7


Dungeon Overview and Level Annotations

Branches:
Dungeon (14/15) Zot: 3241  Temple (0/1) D:7             Orc (0/2) D:11
 Vaults (0/5) D:14
   Lair: D:8-11

Altars:
Dithmenos
Hepliaklqana
Makhleb
Nemelex Xobeh
Okawaru
Sif Muna
Vehumet
Zin
Jiyva

Shops:
D:6 *   D:9 *

Annotations:
D:14 Nessos, Rupert


Innate Abilities, Weirdness & Mutations

You passively map the area around you.
You are easily found by Zot.
You glow in the dark.
You regain HP and MP as you explore.
You have a pair of small antennae on your head.
You are partially covered in iridescent scales. (AC +2)
Your flesh is very cold resistant. (rC++)
You are covered in slimy tendrils that may disarm your opponents.
You have a small jelly attached to you that senses nearby items.
You expend magic power (3 MP) to strengthen your wands.
You passively dampen the noise of your surroundings.


Message History

The killer bee barely misses you. The killer bee misses you.
You closely miss the killer bee.
The killer bee is severely wounded.
The killer bee stings you.
Unknown command.
You slash the killer bee!
You kill the killer bee!
The killer bee stings you but does no damage.
Unknown command.
You miss the killer bee.
The killer bee stings you but does no damage.
You hear a distant slurping noise.
The killer bee stings you but does no damage.
You closely miss the killer bee. The killer bee closely misses you.
Unknown command.
You miss the killer bee. The killer bee closely misses you.
The killer bee barely misses you.
Unknown command.
You barely miss the killer bee. The killer bee closely misses you.
Unknown command.
You miss the killer bee. The killer bee closely misses you.
The meliai mumbles some strange prayers to its god against you.
Something smites you!
The meliai calls down the wrath of its god upon you.
Something smites you!
The killer bee stings you but does no damage.
You slice the killer bee!!
You kill the killer bee!
Unknown command.
You closely miss the meliai. The meliai hits you with a +0 hand axe.
The meliai stings you.
* * * LOW HITPOINT WARNING * * *
The meliai closely misses you.
The meliai stings you but does no damage.
The meliai mumbles some strange prayers to its god against you.
Something smites you!
* * * LOW HITPOINT WARNING * * *
The meliai calls down the wrath of its god upon you.
Something smites you!
You die... , ########### #.††. #........>### #.!.y #.........'.# #.†yy * #.........#.# #..†yy## #.........#.. #!y†.∆'.. #J........##. * yyy{

#.#.........### *
#y####.'.........#
#yy@.###.........#
####.# ###..######
#########.##
##..####
#..........#
#......#
#..........#
#......#
#..........#
#......#
#..........#
#......#
#..........#
#......#
#..........#
#.....†# #


You could see a queen bee, 3 meliai and 2 killer bees.

Vanquished Creatures
  Erica (D:10)
  A two-headed ogre (D:9)
  A boulder beetle (D:12)
  A soul eater (D:11)
  2 ugly things
  An elephant (D:8)
  A smoke demon (D:11)
  Joseph (D:10)
  A komodo dragon (D:12)
  A kobold demonologist (D:10)
  A troll (D:10)
  Prince Ribbit (D:8)
  Grinder (D:3)
  4 shadows
  4 wyverns
  A ynoxinul (D:11)
  A vampire (D:10)
  A human (D:13)
  2 steam dragons
  10 yaks
  7 vampire mosquitoes
  An acid dragon (D:10)
  An orc warrior (D:8)
  A sky beast (D:5)
  An ice beast (D:6)
  5 black bears
  3 ogres
  7 centaurs
  A phantom (D:7)
  6 kobold brigands
  5 bullfrogs
  A gnoll sergeant (D:10)
  2 scorpions
  A wight (D:10)
  17 killer bees
  2 howler monkeys (D:7)
  3 hounds
  2 orc priests
  A gnoll bouda (D:7)
  2 sleepcaps (D:6)
  An iguana (D:6)
  5 orc wizards
  11 gnolls
  3 adders
  A shadow imp (D:6)
  4 white imps
  2 ufetubi (D:8)
  2 worms (D:5)
  2 dart slugs (D:1)
  14 orcs
  3 giant cockroaches
  4 goblins
  3 hobgoblins
  4 jackals (D:1)
  2 quokkas (D:4)
  4 ball pythons
  2 bats
  2 frilled lizards
  22 kobolds
  3 rats
200 creatures vanquished.

Vanquished Creatures (collateral kills)
  A fire dragon (D:10)
  A troll (D:10)
  A yak (D:10)
  A vampire mosquito (D:10)
  A centaur (D:10)
  A kobold brigand (D:10)
  A wight (D:10)
  A howler monkey (D:10)
  A quasit (D:11)
9 creatures vanquished.

Vanquished Creatures (others)
  A lemure (D:8)
  A kobold brigand (D:7)
  A bullfrog (D:9)
  A scorpion (D:5)
  A killer bee (D:9)
  30 jellies
  A hound (D:5)
  2 orc wizards (D:10)
  A gnoll (D:5)
  An adder (D:6)
  2 ufetubi (D:6)
  2 worms
  4 orcs (D:10)
  2 endoplasms
  3 jackals (D:1)
  3 kobolds
  A frilled lizard (D:1)
  A rat (D:1)
58 creatures vanquished.

Grand Total: 267 creatures vanquished

Notes
Turn   | Place    | Note
-------+----------+-------------------------------------------
     0 | D:1      | strifetoe the Meteoran Fighter began the quest for the Orb.
     0 | D:1      | Reached XP level 1. HP: 19/19 MP: 2/2
    62 | D:1      | Reached skill level 3 in Axes
    62 | D:1      | Reached XP level 2. HP: 26/26 MP: 3/3
    88 | D:1      | Found a faded altar of an unknown god.
    99 | D:1      | Prayed at the altar of an unknown god.
    99 | D:1      | Became a worshipper of Jiyva Junn the Shapeless
    99 | D:1      | Reached * piety under Jiyva
   229 | D:1      | Reached XP level 3. HP: 31/31 MP: 4/4
   353 | D:2      | Reached skill level 4 in Axes
   387 | D:3      | Reached ** piety under Jiyva
   580 | D:4      | Reached XP level 4. HP: 35/35 MP: 5/5
   613 | D:3      | Noticed Grinder
   618 | D:3      | Paralysed by Grinder for 3 turns
   623 | D:3      | Killed Grinder
   624 | D:3      | Reached skill level 7 in Axes
   624 | D:3      | Reached XP level 5. HP: 35/45 MP: 6/6
   624 | D:3      | Reached XP level 6. HP: 40/51 MP: 7/7
   735 | D:3      | Found a radiant altar of Vehumet.
   826 | D:4      | You fall into a shaft and drop 2 floors!
   828 | D:6      | Noticed an ice beast
   838 | D:6      | Killed an ice beast
   839 | D:6      | Reached skill level 8 in Axes
   839 | D:6      | Reached XP level 7. HP: 57/57 MP: 8/8
   962 | D:6      | Reached *** piety under Jiyva
  1021 | D:7      | Noticed a yak
  1022 | D:7      | Noticed a yak
  1024 | D:7      | Noticed a yak
  1024 | D:7      | Noticed a yak
  1045 | D:6      | Killed a yak
  1046 | D:6      | Reached skill level 9 in Axes
  1108 | D:5      | Entered Level 5 of the Dungeon
  1111 | D:5      | Found a shadowy altar of Dithmenos.
  1275 | D:6      | Reached XP level 8. HP: 63/63 MP: 9/9
  1355 | D:6      | Gained mutation: You are partially covered in iridescent
                  | scales. (AC +2) [Jiyva's grace]
  1355 | D:6      | Gained mutation: You are mostly covered in iridescent
                  | scales. (AC +4) [Jiyva's grace]
  1355 | D:6      | Gained mutation: You are completely covered in iridescent
                  | scales. (AC +6) [Jiyva's grace]
  1355 | D:6      | Gained mutation: You have a pair of small antennae on your
                  | head. [Jiyva's grace]
  1379 | D:6      | Found Cimmuomo's Overcharged Wands.
  1412 | D:5      | Noticed Prince Ribbit
  1418 | D:5      | Reached skill level 10 in Axes
  1443 | D:5      | Found a glowing silver altar of Zin.
  1516 | D:5      | Found a burning altar of Makhleb.
  1561 | D:5      | Reached **** piety under Jiyva
  1735 | D:6      | Killed a yak
  1736 | D:6      | Reached skill level 11 in Axes
  1742 | D:6      | Killed a yak
  1770 | D:5      | Reached skill level 12 in Axes
  1770 | D:5      | Gained mutation: You passively map the area around you.
                  | [Meteoran growth]
  1770 | D:5      | Reached XP level 9. HP: 34/70 MP: 10/10
  1950 | D:5      | Reached skill level 13 in Axes
  2008 | D:7      | Reached skill level 1 in Dodging
  2227 | D:7      | Found a sparkling altar of Nemelex Xobeh.
  2227 | D:7      | Reached ***** piety under Jiyva
  2274 | D:7      | Reached skill level 5 in Fighting
  2274 | D:7      | Reached XP level 10. HP: 81/81 MP: 11/11
  2300 | D:7      | Reached skill level 5 in Armour
  2300 | D:7      | Found a staircase to the Ecumenical Temple.
  2477 | D:8      | Killed Prince Ribbit
  2478 | D:8      | Reached skill level 5 in Dodging
  2500 | D:8      | Lost mutation: You have a pair of small antennae on your
                  | head. [potion of mutation]
  2500 | D:8      | Lost mutation: You are completely covered in iridescent
                  | scales. (AC +6) [potion of mutation]
  2500 | D:8      | Gained mutation: You are clumsy. (Dex -2) [potion of
                  | mutation]
  2500 | D:8      | Gained mutation: You are very clumsy. (Dex -4) [potion of
                  | mutation]
  2500 | D:8      | Gained mutation: You occasionally lose the ability to drink
                  | potions when taking damage. [potion of mutation]
  2500 | D:8      | Gained mutation: You have a pair of small antennae on your
                  | head. [potion of mutation]
  2835 | D:8      | Noticed an elephant
  2849 | D:8      | Killed an elephant
  2899 | D:9      | Lost mutation: You are mostly covered in iridescent scales.
                  | (AC +4) [Jiyva's grace]
  2899 | D:9      | Lost mutation: You are very clumsy. (Dex -4) [Jiyva's
                  | grace]
  2899 | D:9      | Lost mutation: You are clumsy. (Dex -2) [Jiyva's grace]
  2899 | D:9      | Gained mutation: You have a small jelly attached to you
                  | that senses nearby items. [Jiyva's grace]
  2899 | D:9      | Gained mutation: You have acidic saliva. [Jiyva's grace]
  2899 | D:9      | Gained mutation: You passively dampen the noise of your
                  | surroundings. [Jiyva's grace]
  2899 | D:9      | Gained mutation: You expend magic power (3 MP) to
                  | strengthen your wands. [Jiyva's grace]
  2950 | D:10     | Entered Level 10 of the Dungeon
  2986 | D:10     | Noticed Erica
  2999 | D:10     | Killed Erica
  3000 | D:10     | Reached XP level 11. HP: 48/92 MP: 12/12
  3068 | D:10     | Identified the +5 orcbow of Teischothrei {antimagic, Fly
                  | rF- rC++}
  3072 | D:10     | Noticed Joseph
  3089 | D:10     | Reached skill level 1 in Ranged Weapons
  3139 | D:10     | Killed Joseph
  3159 | D:10     | Reached skill level 5 in Ranged Weapons
  3325 | D:9      | Found Qoywouza's General Store.
  3560 | D:9      | Noticed a two-headed ogre
  3577 | D:9      | Killed a two-headed ogre
  3849 | D:11     | Noticed a smoke demon
  3862 | D:11     | Killed a smoke demon
  3864 | D:11     | Noticed a soul eater
  3910 | D:11     | Killed a soul eater
  4065 | D:10     | Found an iron altar of Okawaru.
  4247 | D:9      | Found a shimmering blue altar of Sif Muna.
  4344 | D:10     | Reached XP level 12. HP: 100/101 MP: 13/13
  4373 | D:10     | Noticed a fire dragon
  4385 | D:10     | Killed a fire dragon
  4732 | D:10     | Found a hazy altar of Hepliaklqana.
  4792 | D:11     | Found a staircase to the Orcish Mines.
  4938 | D:13     | Identified the of Duotug
  4950 | D:14     | Noticed Nessos
  4950 | D:14     | Noticed Rupert
  4950 | D:14     | Noticed an orc knight
  4950 | D:14     | Found a gate to the Vaults.
  5026 | D:12     | Found the +18 Lear's hauberk
  5051 | D:12     | Lost mutation: You have acidic saliva. [Jiyva's grace]
  5051 | D:12     | Lost mutation: You have a small jelly attached to you that
                  | senses nearby items. [Jiyva's grace]
  5051 | D:12     | Lost mutation: You occasionally lose the ability to drink
                  | potions when taking damage. [Jiyva's grace]
  5051 | D:12     | Gained mutation: You are covered in slimy tendrils that may
                  | disarm your opponents. [Jiyva's grace]
  5051 | D:12     | Gained mutation: You have a small jelly attached to you
                  | that senses nearby items. [Jiyva's grace]
  5051 | D:12     | Gained mutation: Your flesh is cold resistant. (rC+)
                  | [Jiyva's grace]
  5051 | D:12     | Gained mutation: Your flesh is very cold resistant. (rC++)
                  | [Jiyva's grace]
  5073 | D:12     | Reached skill level 14 in Axes
  5119 | D:12     | Noticed a boulder beetle
  5164 | D:12     | Killed a boulder beetle
  5216 | D:12     | Killed from afar by a meliai

Illustrated notes

Levels and vault maps discovered:
D:1:      psy_arrival_whirlpool, layout_loops_ring,
          hellmonk_ecumenical_altar_defaced_shrine
D:2:      layout_rooms, uniq_robin
D:3:      layout_rooms, nicolae_vehumet_altar_sigil, marbit_many_paths,
          kennysheep_generic_room_3, uniq_grinder
D:4:      layout_loops_ring, minmay_gold_behind_fungi, minmay_strange_pillars
D:5:      layout_loops_ring, makhleb_heckhound_becter,
          mainiacjoe_overflow_concentric_impassable,
          nicolae_overflow_hidden_temple, grunt_ministairs_2, nicolae_wormholes,
          uniq_prince_ribbit1
D:6:      layout_loops_corners, nicolae_shop_overcharged_wands
D:7:      layout_rooms, nemelex_xobeh_ov_fountains_minmay,
          minmay_temple_entry_slanted, st_stairs_8,
          chequers_serial_rivers_room_b, kennysheep_decorative_pillar
D:8:      layout_basic, grunt_lair_entry_orc_guard_hut, uniq_pikel
D:9:      layout_basic, kennysheep_mini, serial_shops, shop
D:10:     nzn_winding_woodlands_cross [nzn_winding_woodlands_5x15_parted,
          nzn_winding_woodlands_5x15_sidewinder,
          nzn_winding_woodlands_5x15_cabin, nzn_winding_woodlands_5x15_crooked,
          nzn_winding_woodlands_15x15_killbox], layout_layer_cave,
          general_overflow_altar, okawaru_ov_weapons_minmay, uniq_joseph,
          uniq_erica
D:11:     layout_stronghold, orc_0_dummy, serial_demonic, serial_demonic_c,
          serial_demonic_c, serial_demonic_f, serial_demonic_e,
          serial_demonic_d, serial_demonic_a, hangedman_decor_slide_cut,
          minivault_26, uniq_lodul
D:12:     layout_roguey [special_room_bee], serial_nicolae_subway,
          nicolae_sub_station_crystal, nicolae_sub_station_metal,
          nicolae_sub_station_stone
D:13:     layout_roguey, minivault_19, not_door_vault_due, uniq_sonja
D:14:     minmay_blocky_corners, layout_loops_ring, david_vaults_3,
          kennysheep_path_1

Skill      XL: |  1  2  3  4  5  6  7  8  9 10 11 12 |
---------------+-------------------------------------+-----
Axes           | 3 4 7 8 9 12 13 14 | 14.2
Dodging        | 3 6 |  6.7
Fighting       | 5 7 9 |  9.6
Armour         | 4 7 9 |  9.5
Ranged Weapons | 9 |  9.0
Shields        | |  3.2

Action                     |  1- 3 |  4- 6 |  7- 9 | 10-12 || total
---------------------------+-------+-------+-------+-------++-------
  Melee: War axe           |    91 |    18 |   219 |   550 ||   878
         Bite              |       |       |       |    38 ||    38
         Punch             |       |       |       |     5 ||     5
   Fire: Orcbow            |       |       |       |    79 ||    79
 Invoke: Slimify           |       |       |       |     3 ||     3
  Evoke: Wand              |       |     4 |     1 |       ||     5
    Use: Scroll            |       |       |     5 |     3 ||     8
         Potion            |       |       |       |    10 ||    10
 Armour: Scale mail        |    49 |       |       |       ||    49
         Chain mail        |    23 |    15 |   234 |    70 ||   342
         Plate armour      |       |       |       |   465 ||   465
         Skin              |       |       |       |     7 ||     7
         Fire dragon scale |       |       |       |   150 ||   150
  Dodge: Dodged            |    61 |     4 |    93 |   348 ||   506
  Block: Buckler           |    24 |     4 |    54 |    56 ||   138

Table legend: (Time is in decaauts)
 A = Elapsed time spent in this place.
 B = Non-inter-level travel time spent in this place.
 C = Inter-level travel time spent in this place.
 D = Time resting spent in this place.
 E = Time spent auto-exploring this place.
 F = Levels seen in this place.
 G = Mean time per level.
                   A        B        C        D        E       F      G
               +--------+--------+--------+--------+--------+-----+--------+
         Total |   5157 |   5111 |     46 |    472 |     92 |  14 |  368.4 |
       Dungeon |   5157 |   5111 |     46 |    472 |     92 |  14 |  368.4 |
               +--------+--------+--------+--------+--------+-----+--------+

Top non-repeatable levels by time:
    D:10: 999 daAuts
     D:9: 708 daAuts
     D:6: 608 daAuts
     D:8: 590 daAuts
     D:5: 490 daAuts
     D:1: 327 daAuts
     D:3: 309 daAuts
     D:7: 270 daAuts
    D:12: 249 daAuts
    D:11: 242 daAuts
     D:4: 194 daAuts
     D:2: 82 daAuts
    D:13: 81 daAuts
    D:14: 2 daAuts
